cohdb
Replays
Latest Replays
All Replays
Popular Replays
Top Player Replays
Match Explorer
How It Works
Community
CoH3 Stats
Reddit
Sign in to upload your games and track your stats! →
Sign in with Steam
Match 42205298
Unlisted
Match 42205298
Overview
Messages
Build Orders
End
Construct Barracks
Construct Weapon Support Center
Selects Airborne Battlegroup
Selects Heavy Machine Gun Paradrop
Heavy Machine Gun Paradrop
Engineer Squad
Heavy Machine Gun Paradrop
Engineer Squad
Air Support Center
Construct Medical Station
M3 Armored Personnel Carrier
Selects Paratrooper Squad Paradrop
Paratrooper Squad Paradrop
Joker
jhc0928d
J
Sparkle
Mo-J
Wheeler
0
0
Comments
sign in to comment!
No comments posted yet!